 Dungeon Crawl Stone Soup version 0.29.1-2-gbd0b4ee654 (webtiles) character file.

Game seed: 821824268816799215

1662 qeuew the Trooper (level 8, -12/68 HPs)
             Began as a Palentonga Fighter on Nov 8, 2022.
             Was an Initiate of Gozag.
             Mangled by a yak (13 damage)
             ... on level 5 of the Dungeon.
             The game lasted 00:07:11 (5900 turns).

qeuew the Trooper (Palentonga Fighter)              Turns: 5900, Time: 00:07:12

Health: -12/68     AC: 15    Str: 22    XL:     8   Next: 69%
Magic:  8/8        EV:  8    Int:  8    God:    Gozag
Gold:   383        SH:  5    Dex: 12    Spells: 7/7 levels left

rFire   . . .      SeeInvis +   a - +1 war axe (freeze)
rCold   . . .      Faith    .   c - +0 buckler
rNeg    . . .      Spirit   .   b - +1 scale mail
rPois   +          Reflect  .   (no helmet)
rElec   .          Harm     .   (no cloak)
rCorr   .          Rampage  .   (no gloves)
Will    .....                   (no barding)
Stlth   ..........              (no amulet)
HPRegen 0.21/turn               h - ring of poison resistance
MPRegen 0.11/turn               (no ring)

@: curled up
A: large, rugged brown scales 3, see invisible, deformed body, roll 1, armoured
tail, reflexive curl
a: Rolling Charge, Renounce Religion, Potion Petition, Call Merchant, Bribe
Branch


You were on level 5 of the Dungeon.
You worshipped Gozag.
Gozag was aware of your devotion.
You visited 2 branches of the dungeon, and saw 7 of its levels.
You also visited: Sewer.

You collected 433 gold pieces.
You paid 50 gold pieces to Gozag.

Inventory:

Hand Weapons
 a - a +1 war axe of freezing (weapon)
Armour
 b - a +1 scale mail (worn)
 c - a +0 buckler (worn)
Jewellery
 h - a ring of poison resistance (left hand)
Wands
 f - a wand of polymorph (5)
 n - a wand of flame (41)
Scrolls
 e - 2 scrolls of fear
 k - a scroll of poison
 l - a scroll of fog
 m - 2 scrolls of teleportation
Potions
 d - 3 potions of might
 g - 4 potions of haste
 i - a potion of magic


   Skills:
 + Level 5.8 Fighting
 + Level 5.2 Axes
 + Level 4.7 Armour
 + Level 3.9 Dodging
 + Level 5.2 Shields


You had 7 spell levels left.
You didn't know any spells.
Your spell library contained the following spells:

 Spells                   Type           Power      Damage    Failure   Level
 Necrotise                Necr           0%         1d4       80%         1
 Summon Small Mammal      Summ           0%         N/A       80%         1
 Call Canine Familiar     Summ           0%         N/A       99%         3
 Summon Guardian Golem    Hex/Summ       0%         N/A       99%         3
 Vampiric Draining        Necr           0%         2d6       99%         3
 Agony                    Necr           0%         N/A       100%        5


Dungeon Overview and Level Annotations

Branches:
Dungeon (6/15)             Temple (1/1) D:4           Sewer (visited)

Altars:
Gozag
Kikubaaqudgha
Nemelex Xobeh
Ru
Trog
Vehumet
The Shining One


Innate Abilities, Weirdness & Mutations

You are completely covered in rugged brown scales. (AC +3, +7% HP)
You have supernaturally acute eyesight. (SInv)
Armour fits poorly on your strangely shaped body.
You can roll at nearby foes to attack.
You have a long armoured tail.
You curl defensively after being hit. (AC +7*)


Message History

You kill the yak!
You hit the yak. You freeze the yak. The yak closely misses you.
The yak gores you!
You slash the yak! You freeze the yak.
Your tail-slap misses the yak.
The yak is moderately wounded.
The yak gores you!
* * * LOW HITPOINT WARNING * * *
You hit the yak. You freeze the yak.
The yak is heavily wounded.
The yak gores you!
* * * LOW HITPOINT WARNING * * *
You slash the yak! You freeze the yak.
The yak is severely wounded.
The yak gores you.
* * * LOW HITPOINT WARNING * * *
You feel better. The yak completely misses you.
You slash the yak! You freeze the yak.
The yak is almost dead.
The yak gores you.
* * * LOW HITPOINT WARNING * * *
The yak gores you.
* * * LOW HITPOINT WARNING * * *
You barely miss the yak.
The yak is almost dead.
The yak gores you.
* * * LOW HITPOINT WARNING * * *
You barely miss the yak.
The yak is almost dead.
The yak barely misses you.
You barely miss the yak.
The yak is almost dead.
The yak gores you.
* * * LOW HITPOINT WARNING * * *
Okay, then.
You hit the yak. You freeze the yak.
You tail-slap the yak, but do no damage.
The yak is almost dead.
The yak gores you!
You die...
Your body crumbles into a pile of gold.

.......#......# #...........#
.......#......# #...........#
.......#......# #############
.......########
.............# ......##.....#
############ ......##.....###
#..........#
......###......###.......####
...............Y@#..<##..#.#
...####.##.##.##$#...##..#.#
#### #....##.##.#...##....#
#########.....##.#.......#.#
.....# #..#####.#....##.#.#
.....#
##..####.#.......#.#####
.....#
#....##.#.....#.#.....#
.....#
#....##.#.....#.#####.##
.....#
#.#..#.....#..#.........


You could see a yak.

Vanquished Creatures
  4 yaks
  A black bear (D:2)
  An ogre (D:5)
  A centaur (D:6)
  A phantom (D:5)
  A bullfrog (D:5)
  2 scorpions
  A howler monkey (D:6)
  An orc priest (D:6)
  A jelly (D:6)
  A hound (D:4)
  3 iguanas (D:5)
  Natasha (thrice) (D:4)
  2 orc wizards
  4 gnolls (D:6)
  5 river rats
  5 adders
  4 worms
  A dart slug (D:5)
  9 orcs
  10 endoplasms
  4 giant cockroaches
  8 goblins
  7 hobgoblins
  2 jackals (D:2)
  3 quokkas
  9 ball pythons
  8 bats
  9 frilled lizards
  6 kobolds
  16 rats
133 creatures vanquished.

Vanquished Creatures (others)
  18 plants (D:6)
18 creatures vanquished.

Grand Total: 151 creatures vanquished

Notes
Turn   | Place    | Note
-------+----------+-------------------------------------------
     0 | D:1      | qeuew the Palentonga Fighter began the quest for the Orb.
     0 | D:1      | Reached XP level 1. HP: 19/19 MP: 1/1
   137 | D:1      | Reached XP level 2. HP: 20/25 MP: 2/2
  1057 | D:2      | Found an ancient bone altar of Kikubaaqudgha.
  1203 | D:2      | Reached XP level 3. HP: 27/31 MP: 3/3
  2292 | D:2      | Noticed a black bear
  2297 | D:2      | Reached skill level 1 in Dodging
  2301 | D:2      | Identified the +3 robe "Kanlaut" {+Inv rC+}
  2307 | D:2      | Killed a black bear
  2308 | D:2      | Reached XP level 4. HP: 27/39 MP: 4/4
  2308 | D:2      | Reached XP level 5. HP: 30/44 MP: 5/5
  2542 | D:3      | Found a glowing drain.
  2561 | Sewer    | Entered a sewer
  3003 | D:3      | Found a radiant altar of Vehumet.
  3080 | D:3      | Found a faded altar of an unknown god.
  3204 | D:3      | Found a glowing golden altar of the Shining One.
  3813 | D:4      | Noticed Natasha
  3819 | D:4      | Killed Natasha
  3820 | D:4      | Reached XP level 6. HP: 49/51 MP: 6/6
  4148 | D:4      | Found a staircase to the Ecumenical Temple.
  4152 | D:4      | Noticed Natasha
  4156 | D:4      | Killed Natasha
  4165 | Temple   | Entered the Ecumenical Temple
  4198 | Temple   | Became a worshipper of Gozag Ym Sagoz the Greedy
  4490 | D:4      | Noticed Natasha
  4498 | D:4      | Killed Natasha
  4848 | D:5      | Entered Level 5 of the Dungeon
  4875 | D:5      | Gained mutation: You curl defensively after being hit. (AC
                  | +7*) [Palentonga growth]
  4875 | D:5      | Reached XP level 7. HP: 58/58 MP: 7/7
  5354 | D:6      | Reached skill level 5 in Fighting
  5633 | D:6      | Noticed a yak
  5634 | D:6      | Noticed a yak
  5634 | D:6      | Noticed a yak
  5634 | D:6      | Noticed a yak
  5635 | D:6      | Noticed a yak
  5641 | D:6      | Noticed a yak
  5648 | D:6      | Killed a yak
  5649 | D:6      | Reached XP level 8. HP: 23/66 MP: 8/8
  5880 | D:5      | Reached skill level 5 in Axes
  5880 | D:5      | Reached skill level 5 in Shields
  5897 | D:5      | HP: 3/68 [yak (6)]
  5899 | D:5      | HP: 1/68 [yak (3)]
  5900 | D:5      | Mangled by a yak

Illustrated notes

Levels and vault maps discovered:
D:1:      lemuel_arrival_cross, layout_loops_ring, grunt_decor_mini_mirrors
D:2:      layout_loops_cross, basic_altar, minmay_stone_trees_medium,
          grunt_ministairs_4
D:3:      layout_basic, lemuel_crystal_altar, fiery_altar_vehumet,
          portal_sewer_entry_a, hellmonk_ecumenical_altar_crossroads,
          chequers_hall_statues_corner_a
D:4:      layout_cave_pods, minmay_temple_entry_glass, serial_forest,
          infiniplex_forest_straight_2, infiniplex_forest_lined_3_way,
          infiniplex_forest_lined_4_way, infiniplex_forest_end_1,
          infiniplex_forest_lined_3_way, nicolae_underground_beach, uniq_natasha
D:5:      layout_basic
D:6:      layout_rooms, tgw_fedhas, gammafunk_temple_overflow_claw,
          serial_curves, eino_curves_04, eino_curves_04, uniq_pikel,
          uniq_eustachio
Temple:   regret_index_temple_waves

Skill      XL: |  1  2  3  4  5  6  7  8 |
---------------+-------------------------+-----
Shields        | 3 4 5 |  5.2
Dodging        | 1 2 3 |  3.9
Armour         | 3 4 |  4.7
Axes           | 3 4 5 |  5.2
Fighting       | 4 5 |  5.8

Action                   |  1- 3 |  4- 6 |  7- 9 || total
-------------------------+-------+-------+-------++-------
Melee: War axe           |   117 |   120 |    87 ||   324
       Tailslap          |     9 |    12 |    13 ||    34
       Unarmed           |       |     2 |       ||     2
  Use: Scroll            |     3 |    10 |       ||    13
       Potion            |       |     3 |     1 ||     4
 Stab: Distracted        |       |       |     1 ||     1
Armor: Scale mail        |    69 |    49 |    34 ||   152
       Skin              |       |     1 |       ||     1
Dodge: Dodged            |    35 |    43 |    46 ||   124
Block: Buckler           |    15 |    23 |    13 ||    51
